Map: Rhoskallian LE

Players

qqq

  • Race: Zerg Zerg
  • League: Platinum
  • Spawn Location: 11:00

Massa

  • Race: Terran Terran
  • League: Platinum
  • Spawn Location: 12:00

Elendil - Winner!

  • Race: Protoss Protoss
  • Spawn Location: 6:00

nixom - Winner!

  • Race: Terran Terran
  • League: Platinum
  • Spawn Location: 5:00

VOD

Have the link to the VOD?

Description

Time

  • Played on: Dec. 7, 2020, 2:47 p.m.
  • Length: 7:50
Show
View Real Time Build Order
Export as new Build Order

qqq Zerg 

Build Orders: Pool First 

Get SALT Encoding   

  12  0:01  Drone  
  13  0:10  Drone  
  14  0:28  Spawning Pool  
  13  0:48  Overlord  
  13  1:04  Hatchery  
  12  1:12  Drone  
  12  1:15  Zergling x2  
  12  1:16  Extractor  
  13  1:18  Zergling x2  
  14  1:26  Zergling x2  
  15  1:41  Zergling x2  
  16  1:51  Zergling x2  
  17  2:01  Zergling x2  
  18  2:10  Zergling x2  
  19  2:15  Queen  
  19  2:18  Zergling x2  
  19  2:20  Drone  
  23  2:33  Drone  
  23  2:35  Zergling x2  
  23  2:37  Metabolic Boost  
  25  3:01  Queen  
  25  3:02  Zergling x2  
  27  3:29  Zergling x2  
  28  3:52  Overlord x2  
  28  4:10  Queen  
  28  4:26  Drone x3  
  23  4:42  Spine Crawler  
  23  4:44  Spine Crawler  
  23  4:45  Spine Crawler  
  20  4:46  Queen  
  20  4:47  Zergling x2  
  20  4:49  Drone x2  
  25  5:10  Zergling x6  
  28  5:34  Drone x2  
  28  5:35  Drone  
  31  5:42  Spore Crawler  
  25  6:26  Lair  
  25  6:30  Drone x2  
  25  6:31  Drone  
  24  6:42  Overlord x2  
  24  6:43  Hatchery, Overlord  
  21  6:47  Extractor  
  21  6:51  Spore Crawler  
  19  7:00  Drone  
  19  7:01  Drone  
  20  7:23  Drone x2  
  20  7:26  Spire  
  20  7:29  Infestation Pit  
Show
View Real Time Build Order
Export as new Build Order

Massa Terran 

Build Orders:  

Get SALT Encoding   

  12  0:01  SCV  
  13  0:13  SCV  
  14  0:24  Supply Depot  
  14  0:25  SCV  
  15  0:37  Refinery  
  15  0:46  SCV  
  15  0:48  Barracks  
  16  1:02  Barracks  
  16  1:07  SCV  
  17  1:19  SCV  
  18  1:32  SCV  
  19  1:45  Reaper  
  19  1:47  Orbital Command  
  20  1:49  Reaper  
  21  1:57  Refinery  
  21  2:12  Supply Depot  
  21  2:21  Reaper  
  21  2:22  Reaper  
  23  2:53  Reaper  
  23  2:54  Reaper  
  25  3:11  SCV  
  24  3:23  SCV  
  24  3:25  Marine  
  25  3:35  SCV  
  26  3:42  Barracks Tech Lab  
  26  3:48  Barracks Tech Lab  
  26  3:50  SCV  
  27  4:01  Command Center  
  27  4:03  SCV  
  27  4:07  Stimpack  
  27  4:08  Factory  
  28  4:15  SCV, Marauder  
  31  4:48  SCV  
  30  4:57  Starport  
  30  4:58  Factory Tech Lab  
  30  5:00  SCV  
  31  5:12  Combat Shield  
  31  5:13  SCV, Marauder x2  
  36  5:17  Engineering Bay  
  36  5:18  Supply Depot x2  
  36  5:19  Supply Depot  
  36  5:20  Supply Depot  
  36  5:25  SCV  
  37  5:33  Siege Tank  
  37  5:34  Marauder x2  
  44  5:37  Orbital Command, SCV  
  45  5:49  SCV  
  46  5:55  Missile Turret  
  46  5:56  Marauder  
  48  5:57  Missile Turret  
  48  6:18  Widow Mine  
  50  6:20  SCV  
  50  6:21  SCV  
  50  6:25  Missile Turret  
  52  6:30  Barracks  
  52  6:32  Barracks  
  52  6:33  SCV x2  
  52  6:37  Barracks  
  52  6:39  Widow Mine, Armory  
  56  6:45  SCV x2  
  56  6:46  Medivac  
  60  6:49  Marine  
  60  6:50  Marine  
  62  6:56  Supply Depot  
  62  6:58  Supply Depot  
  65  7:02  Widow Mine  
  65  7:07  Marine  
  65  7:17  SCV x2  
  65  7:19  Marine x2  
  66  7:23  Widow Mine  
  66  7:25  Marine  
  63  7:30  Marine  
Show
View Real Time Build Order
Export as new Build Order

Elendil Protoss - Winner!

Build Orders:  

Get SALT Encoding   

  12  0:00  Probe  
  13  0:12  Probe  
  14  0:19  Pylon  
  14  0:24  Probe  
  15  0:37  Gateway  
  15  0:42  Assimilator  
  15  0:46  Probe (Chrono Boost)  
  16  0:54  Assimilator  
  16  0:58  Probe (Chrono Boost)  
  17  1:06  Probe (Chrono Boost)  
  18  1:12  Gateway  
  18  1:24  Cybernetics Core  
  18  1:27  Probe  
  19  1:39  Probe (Chrono Boost)  
  20  1:51  Probe (Chrono Boost)  
  21  1:56  Probe (Chrono Boost)  
  22  2:07  Pylon  
  22  2:23  Pylon, Adept (Chrono Boost)  
  26  2:32  Adept (Chrono Boost)  
  26  2:37  Forge  
  25  3:00  Adept  
  25  3:02  Adept  
  29  3:20  Stargate  
  29  3:45  Pylon  
  29  3:46  Pylon  
  29  3:49  Stargate  
  29  3:55  Pylon  
  29  4:08  Void Ray (Chrono Boost)  
  33  4:26  Void Ray (Chrono Boost)  
  29  4:42  Void Ray (Chrono Boost)  
  33  4:56  Void Ray  
  33  4:57  Pylon  
  37  5:22  Void Ray  
  41  5:34  Shield Battery  
  41  5:35  Shield Battery  
  41  5:44  Void Ray  
  45  6:04  Protoss Air Weapons Level 1 (Chrono Boost)  
  45  6:23  Void Ray  
  49  6:45  Void Ray  
  53  6:56  Pylon  
Show
View Real Time Build Order
Export as new Build Order

nixom Terran - Winner!

Build Orders: Hellion Opening 

Get SALT Encoding   

  12  0:01  SCV  
  13  0:13  SCV  
  14  0:18  Supply Depot  
  14  0:25  SCV  
  15  0:40  SCV  
  15  0:41  Barracks  
  16  0:49  Refinery  
  16  0:52  SCV  
  17  1:04  SCV  
  18  1:16  Refinery  
  18  1:19  Supply Depot  
  18  1:28  Orbital Command  
  18  1:33  Marine  
  19  1:55  Factory  
  19  2:02  Barracks Reactor  
  19  2:04  SCV  
  20  2:16  SCV  
  21  2:35  SCV  
  21  2:47  Hellion x2  
  21  2:48  Marine  
  23  3:04  SCV  
  23  3:08  Hellion x2  
  25  3:16  SCV  
  26  3:30  Hellion  
  28  3:35  SCV  
  31  3:41  Hellion  
  31  3:50  Barracks Tech Lab  
  31  3:52  Factory  
  31  4:30  SCV  
  31  4:35  Hellion  
  30  4:41  Hellion  
  28  4:54  SCV  
  28  4:56  Hellion  
  31  5:11  Supply Depot x2  
  31  5:26  Infernal Pre-Igniter  
  31  5:30  Supply Depot  
  31  5:32  SCV, Siege Tank  
  35  5:44  SCV  
  36  5:57  SCV  
  37  6:04  Siege Tank  
  37  6:09  SCV  
  41  6:40  SCV  
  42  6:48  Hellion  
  42  6:49  Hellion  
  42  6:52  SCV  
  47  6:58  Command Center  
  47  7:11  Supply Depot  
  47  7:21  Hellion  
  47  7:32  SCV  
Tags
 
Add a new tag
Caveats
  • Supply blocks, unpowered buildings, or Contaminate may cause inaccurate times.
  • Supply counts are checked every 10 seconds.